 Dungeon Crawl Stone Soup version 0.31-a0-1626-g5cb510d322 (webtiles) character file.

Game seed: 7268931734916179752

3368 swappor the Severer (level 9, -9/105 HPs)
             Began as a Minotaur Berserker on Jan 13, 2024.
             Was an Elder of Trog.
             Mangled by a red ugly thing (14 damage)
             ... on level 7 of the Dungeon.
             The game lasted 00:41:21 (7356 turns).

swappor the Severer (Minotaur Berserker)            Turns: 7356, Time: 00:41:22

Health: -9/105     AC: 15    Str: 25    XL:     9   Next: 73%
Magic:  8/8        EV:  6    Int:  4    God:    Trog [****..]
Gold:   910        SH:  9    Dex: 11    Spells: 8/8 levels left

rFire   . . .        h - +0 broad axe
rCold   . . .        x - +0 kite shield {rN+}
rNeg    + . .        n - +0 plate armour
rPois   .            (helmet restricted)
rElec   .            d - +0 cloak
rCorr   +            m - +0 pair of gloves
SInv    .            e - +1 pair of boots
Will    .....        (no amulet) Stlth
                     f - ring of resist corrosion
HPRegen 0.37/turn    (no ring)
MPRegen 0.11/turn

%: no passive effects
@: berserking, very quick
A: horns 2, retaliatory headbutt
a: Renounce Religion, Berserk, Trog's Hand, Brothers in Arms


You were on level 7 of the Dungeon.
You worshipped Trog.
Trog was greatly pleased with you.
You visited 1 branch of the dungeon, and saw 7 of its levels.
You also visited: Bailey.

You collected 910 gold pieces.

Inventory:

Hand Weapons
 a - a +2 flail of holy wrath
 h - a +0 broad axe (weapon)
Armour
 b - a +0 ring mail of cold resistance
 d - a +0 cloak (worn)
 e - a +1 pair of boots (worn)
 m - a +0 pair of gloves (worn)
 n - a +0 plate armour (worn)
 x - a +0 kite shield of positive energy (worn)
Jewellery
 f - a ring of resist corrosion (left hand)
Wands
 r - a wand of paralysis (19)
 w - a wand of mindburst (6)
Scrolls
 c - a scroll of enchant armour
 j - 2 scrolls of poison
 k - 2 scrolls of immolation
 o - a scroll of silence
 q - a scroll of enchant weapon
 s - a scroll of blinking {unknown}
 u - a scroll of noise {unknown}
 z - a scroll of butterflies {unknown}
Potions
 g - a potion of attraction
 i - a potion of haste
 l - 2 potions of lignification
 p - a potion of heal wounds {unknown}
 t - 7 potions of enlightenment
 v - a potion of curing


   Skills:
 - Level 3.6 Fighting
 + Level 15.7 Axes
 - Level 2.4 Armour
 - Level 2.1 Dodging
 - Level 5.0 Shields


You had 8 spell levels left.
You didn't know any spells.
Your spell library was empty.

Dungeon Overview and Level Annotations

Branches:
Dungeon (7/15)             Temple (0/1) D:6          Bailey (visited)

Altars:
Cheibriados
Elyvilon
Sif Muna
Trog
Uskayaw
Xom
Yredelemnul
Lugonu

Annotations:
D:2 1 runed translucent door, Crazy Yiuf


Innate Abilities, Weirdness & Mutations

You have a pair of horns on your head.
You reflexively headbutt those who attack you in melee.


Message History

The cyan ugly thing engulfs you! The cyan ugly thing shocks you!
A red film seems to cover your vision as you go berserk!
You feel yourself moving faster!
You feel mighty! The red ugly thing kicks you!
You are engulfed in flames!
* * * LOW HITPOINT WARNING * * *
The purple ugly thing kicks you but does no damage.
The cyan ugly thing basks in the mutagenic energy from its kin and changes!
Your black bear bites the small abomination.
Your black bear claws the small abomination.
Your black bear barely misses the small abomination.
You slash the red ugly thing!
The red ugly thing is lightly wounded.
You hit the red ugly thing. You slash the small abomination!
You slash the purple ugly thing!
You block the small abomination's attack.
Your black bear closely misses the small abomination.
Your black bear misses the small abomination.
Your black bear claws the small abomination but does no damage.
You block the red ugly thing's attack. The purple ugly thing kicks you!
* * * LOW HITPOINT WARNING * * *
You closely miss the red ugly thing.
The red ugly thing is lightly wounded.
You closely miss the purple ugly thing. You slice the red ugly thing!!
You closely miss the small abomination. You hit the small abomination.
Your black bear misses the small abomination.
Your black bear claws the small abomination.
Your black bear claws the small abomination but does no damage.
You block the small abomination's attack.
The small abomination barely misses you.
You slash the red ugly thing!
Your headbutt misses the red ugly thing.
The red ugly thing is moderately wounded.
You closely miss the red ugly thing. You hit the small abomination.
You completely miss the small abomination.
You slash the purple ugly thing! The purple ugly thing kicks you.
* * * LOW HITPOINT WARNING * * *
The red ugly thing kicks you!
* * * LOW HITPOINT WARNING * * *
You are engulfed in flames!
You die...

#.##.###....#
#.#..#..####...# ##
#.#.##.##.$ #...# .##
....##.#u.###...###..
.#.....#x#..#####...
....######...###...#
........###....u..###.#
#.###.....##...ux##...##
#.# ##....©#..xu@#©.....
..# ##...##...ux##...#.
.### #.###....xxh###.#
...## ####...###...#
....# x#..#####... ~≈~.#
.".##.#.##...
##~.#####.|##...##..##
∩#~.†...####.###.####
.#≈.##### #.# #.#


You could see 4 ugly things, 5 small abominations and a friendly black bear
(summoned, berserk).

Vanquished Creatures
  Jeremiah (D:6)
  Grinder (D:3)
  Duvessa (D:5)
  2 sky beasts (D:7)
  6 orc warriors (Bailey)
  An ice beast (D:5)
  A black bear (D:7)
  4 ogres
  An elf zombie (D:7)
  2 elf skeletons (D:7)
  A gnoll sergeant (D:4)
  3 scorpions
  5 wights
  Dowan (D:5)
  A howler monkey (D:7)
  A bombardier beetle (D:5)
  2 hounds
  A jelly (D:5)
  5 orc priests (D:6)
  2 human zombies (D:7)
  Ijyb (D:5)
  A human skeleton (D:7)
  4 iguanas
  2 orc wizards (D:6)
  5 gnolls (D:5)
  5 adders
  A shadow imp (D:6)
  2 white imps
  6 dart slugs
  2 ribbon worms
  19 orcs
  6 endoplasms
  4 giant cockroaches
  18 goblins
  9 hobgoblins
  6 quokkas
  3 ball pythons
  A bat (D:3)
  4 frilled lizards
  17 kobolds
  8 rats
166 creatures vanquished.

Notes
Turn   | Place    | Note
-------+----------+-------------------------------------------
     0 | D:1      | swappor the Minotaur Berserker began the quest for the Orb.
     0 | D:1      | Reached XP level 1. HP: 19/19 MP: 0/0
   195 | D:1      | Reached skill level 4 in Axes
   258 | D:1      | Reached XP level 2. HP: 21/26 MP: 1/1
   705 | D:1      | Found a faded altar of an unknown god.
   708 | D:1      | Reached ** piety under Trog
   959 | D:2      | Reached skill level 5 in Axes
  1030 | D:2      | Reached XP level 3. HP: 31/31 MP: 2/2
  1371 | D:2      | Found a snail-covered altar of Cheibriados.
  1574 | D:2      | Found a runed translucent door.
  1575 | D:2      | Noticed Crazy Yiuf
  1973 | D:3      | Found a shimmering altar of Xom.
  2020 | D:3      | Reached XP level 4. HP: 38/39 MP: 3/3
  2043 | D:3      | Reached skill level 6 in Axes
  2363 | D:3      | Found a bloodstained altar of Trog.
  2435 | D:3      | Noticed Grinder
  2466 | D:3      | Killed Grinder
  2467 | D:3      | Reached skill level 8 in Axes
  2467 | D:3      | Reached skill level 1 in Shields
  2467 | D:3      | Reached XP level 5. HP: 41/45 MP: 4/4
  2467 | D:3      | Reached XP level 6. HP: 47/51 MP: 5/5
  2641 | D:4      | Reached *** piety under Trog
  2698 | D:4      | Found a hide-covered altar of Uskayaw.
  3315 | D:5      | Entered Level 5 of the Dungeon
  3411 | D:5      | Noticed Duvessa
  3591 | D:4      | Reached skill level 5 in Shields
  3602 | D:5      | Reached XP level 7. HP: 57/57 MP: 6/6
  3662 | D:5      | Killed Duvessa
  3663 | D:5      | Reached skill level 9 in Axes
  3876 | D:5      | Noticed Dowan
  3945 | D:5      | Killed Dowan
  3946 | D:5      | Reached skill level 10 in Axes
  4028 | D:5      | Found a basalt altar of Yredelemnul.
  4066 | D:5      | Reached XP level 8. HP: 55/64 MP: 7/7
  4201 | D:5      | Noticed Ijyb
  4215 | D:5      | Killed Ijyb
  4314 | D:6      | Found a staircase to the Ecumenical Temple.
  4358 | D:6      | Noticed Jeremiah
  4727 | D:6      | Reached skill level 11 in Axes
  4775 | D:6      | Found a white marble altar of Elyvilon.
  5253 | D:6      | Reached skill level 12 in Axes
  5616 | D:6      | Reached skill level 13 in Axes
  5696 | D:6      | Found a shimmering blue altar of Sif Muna.
  6067 | D:6      | Killed Jeremiah
  6068 | D:6      | Reached XP level 9. HP: 68/68 MP: 8/8
  6251 | D:7      | Reached skill level 14 in Axes
  6295 | D:7      | Found a flagged portal.
  6311 | Bailey   | Entered a bailey
  6349 | Bailey   | Reached **** piety under Trog
  6748 | Bailey   | Reached skill level 15 in Axes
  7329 | D:7      | Found a transporter.
  7333 | D:7      | Found a corrupted altar of Lugonu.
  7333 | D:7      | Noticed a purple ugly thing
  7338 | D:7      | Noticed a red ugly thing
  7340 | D:7      | Noticed a purple ugly thing
  7341 | D:7      | Noticed a cyan ugly thing
  7356 | D:7      | HP: 5/105 [red ugly thing (10)]
  7356 | D:7      | Mangled by a red ugly thing

Illustrated notes

Levels and vault maps discovered:
D:1:      psy_arrival_radial01, layout_loops_ring,
          ebering_ecumenical_altar_webs, minmay_unequal
D:2:      layout_basic, basic_altar, uniq_crazy_yiuf_cottage
D:3:      layout_basic, lightli_temple_of_fire,
          regret_index_xom_buried_treasure, uniq_grinder
D:4:      layout_basic, mainiacjoe_overflow_six_doors_small
D:5:      layout_loops_ring, nicolae_overflow_crystal_walls, uniq_duvessa,
          uniq_ijyb
D:6:      layout_loops_ring, lemuel_coloured_pillars_altar,
          hellmonk_sif_muna_bookshelves, minmay_temple_entry_proselytizer,
          uniq_jeremiah
D:7:      gammafunk_corrupted_shrine, layout_loops_ring, enter_bailey_4,
          nicolae_ossuary_entry_catacombs, solitary_fountain,
          nicolae_custom_books

Skill      XL: |  1  2  3  4  5  6  7  8  9 |
---------------+----------------------------+-----
Axes           | 4 5 8 10 13 15 | 15.7
Shields        | 1 5 |  5.0
Fighting       | |  3.6
Armour         | |  2.4
Dodging        | |  2.1

Action                     |  1- 3 |  4- 6 |  7- 9 || total
---------------------------+-------+-------+-------++-------
  Melee: Hand axe          |    77 |       |       ||    77
         Headbutt          |    15 |    19 |    57 ||    91
         War axe           |    36 |    97 |   243 ||   376
         Spear             |       |       |     2 ||     2
         Flail             |       |       |     4 ||     4
         Broad axe         |       |       |    48 ||    48
 Invoke: Trog's Hand       |       |     1 |     2 ||     3
         Berserk           |       |     1 |     6 ||     7
         Brothers in Arms  |       |       |     1 ||     1
    Use: Scroll            |       |     8 |     4 ||    12
 Armour: Animal skin       |    14 |       |       ||    14
         Leather armour    |    38 |       |       ||    38
         Chain mail        |       |    35 |       ||    35
         Plate armour      |       |    24 |   171 ||   195
  Dodge: Dodged            |    41 |    17 |    53 ||   111
  Block: Buckler           |    11 |    31 |    59 ||   101
         Kite shield       |       |       |    19 ||    19

Table legend: (Time is in decaauts)
 A = Elapsed time spent in this place.
 B = Non-inter-level travel time spent in this place.
 C = Inter-level travel time spent in this place.
 D = Time resting spent in this place.
 E = Time spent auto-exploring this place.
 F = Levels seen in this place.
 G = Mean time per level.
                   A        B        C        D        E       F      G
               +--------+--------+--------+--------+--------+-----+--------+
         Total |   7428 |   7215 |    213 |    959 |   3538 |   8 |  928.5 |
       Dungeon |   6819 |   6606 |    213 |    806 |   3538 |   7 |  974.1 |
        Bailey |    609 |    609 |      0 |    153 |      0 |   1 |  609.0 |
               +--------+--------+--------+--------+--------+-----+--------+

Top non-repeatable levels by time:
     D:5: 1529 daAuts
     D:6: 1246 daAuts
     D:2: 968 daAuts
     D:1: 929 daAuts
     D:3: 758 daAuts
     D:4: 735 daAuts
     D:7: 650 daAuts
  Bailey: 609 daAuts
